 Dungeon Crawl Stone Soup version 0.22.1-1-ga44c0e5 (webtiles) character file.

231572 Hoivenmaven the Barachian Blade (level 19, 0/192 HPs)
             Began as a Barachi Fighter on Nov 10, 2018.
             Was the Champion of Ru.
             Succumbed to an apocalypse crab's poison
             ... on level 3 of the Abyss on Nov 11, 2018.
             The game lasted 03:12:36 (49852 turns).

Hoivenmaven the Barachian Blade (Barachi Fighter)  Turns: 49852, Time: 03:12:37

Health: 0/192      AC: 14    Str: 25      XL:     19   Next: 6%
Magic:  0/26       EV:  6    Int: 18 (20) God:    Ru [******]
Gold:   2371       SH: 14    Dex: 13      Spells: 25/27 levels left

rFire    + . .     SeeInvis +   U - +0 double sword of Witzai Unytz {slice, Str+3 Int+4 Dex+2 Stlth-}
rCold    . . .     Gourm    .   c - +2 shield
rNeg     . . .     Faith    .   R - +8 plate armour "Ufedawn" {rElec}
rPois    .         Spirit   .   E - +3 crown of Dyrovepreva {rElec Int+2 SInv}
rElec    +         Reflect  .   B - +2 cloak
rCorr    .         Harm     .   (no gloves)
MR       +....                  A - +0 pair of boots {Stlth+}
Stlth    ..........             (no amulet)
HPRegen  0.00/turn              b - +3 ring of slaying
MPRegen  0.20/turn              M - ring of protection from fire

@: berserking, lethally poisoned (0 -> -48), exhausted, corroded, can't hop,
non-regenerating, diseased, very heavily drained, quick
A: +LOS, swims, [blurry vision 1], [deformed body], [frail 2], slowness 1, [weak
2], inability to drink while threatened, hated by all, inability to train
dodging, no ice magic, no summoning magic, no transmutations magic,
inexperienced 1, strong legs 2
}: 2/15 runes: decaying, serpentine
a: Hop, Draw Out Power, Power Leap, Apocalypse, Renounce Religion


You were on level 3 of the Abyss.
You worshipped Ru.
Ru was exalted by your worship.
You were not hungry.

You visited 6 branches of the dungeon, and saw 32 of its levels.
You visited the Abyss 1 time.
You also visited: Sewer.

You collected 2668 gold pieces.
You spent 297 gold pieces at shops.

Inventory:

Hand Weapons
 C - a +2 scimitar of holy wrath
 L - the +1 great sword "Cywoon" {freeze, MR+ Int+4}
   (You found it on level 5 of the Lair of Beasts)

   It has been specially enchanted to freeze those struck by it, causing extra
   injury to most foes and up to half again as much damage against particularly
   susceptible opponents.
   It can also slow down cold-blooded creatures.
   It affects your intelligence (+4).
   It affects your resistance to hostile enchantments.
 U - the +0 double sword of Witzai Unytz (weapon) {slice, Str+3 Int+4 Dex+2 Stlth-}
   (You acquired it on level 15 of the Dungeon)

   It inflicts extra damage upon your enemies.
   It affects your strength (+3).
   It affects your intelligence (+4).
   It affects your dexterity (+2).
   It makes you less stealthy.
 W - a +4 scimitar of flaming
 Y - a +2 rapier of electrocution
Armour
 c - a +2 shield (worn)
 A - a +0 pair of boots of stealth (worn)
 B - a +2 cloak (worn)
 D - the +7 scale mail of the Monkey {rPois rN+}
   (You found it on level 4 of the Swamp)

   It protects you from poison.
   It protects you from negative energy.
 E - the +3 crown of Dyrovepreva (worn) {rElec Int+2 SInv}
   (You found it on level 10 of the Dungeon)

   It affects your intelligence (+2).
   It insulates you from electricity.
   It lets you see invisible.
 K - +0 ice dragon scales
 R - the +8 plate armour "Ufedawn" (worn) {rElec}
   (You found it on level 6 of the Lair of Beasts)

   It insulates you from electricity.
Jewellery
 b - a +3 ring of slaying (left hand)
 n - a +2 ring of evasion
 t - an uncursed ring of protection from fire
 w - an uncursed ring of poison resistance
 F - an uncursed ring of ice
 H - an uncursed ring of positive energy
 M - a ring of protection from fire (right hand)
Wands
 d - a wand of acid (5)
 g - a wand of scattershot (5)
 m - a wand of flame (83)
 q - a wand of disintegration (6)
 y - a wand of paralysis (35)
 J - a wand of iceblast (40)
Scrolls
 e - a scroll of remove curse
 i - 3 scrolls of amnesia
 j - 15 scrolls of identify
 r - a scroll of fog
 s - 8 scrolls of magic mapping
 z - 9 scrolls of enchant weapon
 N - 4 scrolls of blinking
 P - 2 scrolls of fear
 Q - a scroll of brand weapon
 V - a scroll of enchant armour
Potions
 h - 2 potions of ambrosia
 k - 2 potions of magic
 l - 15 potions of curing
 o - 5 potions of flight
 u - 4 potions of lignification
 v - 4 potions of agility
 x - 3 potions of resistance
 I - 2 potions of invisibility
 O - 2 potions of haste
 S - a potion of brilliance
Comestibles
 f - 40 rations


   Skills:
 - Level 17.1(12.2) Fighting
 * Level 24.3(18.6) Long Blades
 + Level 15.9(11.1) Armour
 - Level 12.9(8.4) Shields
 - Level 4.8(1.1) Spellcasting
 - Level 9.9(5.7) Translocations


You had 25 spell levels left.
You knew the following spells:

 Your Spells              Type           Power        Failure   Level  Hunger
a - Blink                 Tloc           N/A          54%         2    ###....

Your spell library contained the following spells:

 Spells                   Type           Power        Failure   Level  Hunger
 Apportation              Tloc           ###...       38%         1    ##.....
 Lesser Beckoning         Tloc           ###.......   77%         3    ####...
 Confusing Touch          Hex            #.....       99%         1    ##.....
 Corona                   Hex            #......      99%         1    ##.....
 Magic Dart               Conj           #...         99%         1    ##.....
 Pain                     Necr           #...         99%         1    ##.....
 Slow                     Hex            #.......     100%        2    ###....
 Confuse                  Hex            #.......     100%        3    ####...
 Conjure Flame            Conj/Fire      #.......     100%        3    ####...
 Dazzling Spray           Conj/Hex       #.....       100%        3    ####...
 Mephitic Cloud           Conj/Pois/Air  #.......     100%        3    ####...
 Regeneration             Chrm/Necr      #.........   100%        3    ####...
 Tukima's Dance           Hex            #.......     100%        3    ####...
 Vampiric Draining        Necr           #.........   100%        3    ####...
 Silence                  Hex/Air        #.........   100%        5    ######.
 Conjure Ball Lightning   Conj/Air       #.........   100%        6    #######
 Deflect Missiles         Chrm/Air       #.........   100%        6    #######
 Invisibility             Hex            #.......     100%        6    #######
 Tornado                  Air            #.........   100%        9    #######
 Animate Skeleton         Necr           Unusable     N/A         1    N/A
 Beastly Appendage        Tmut           Unusable     N/A         1    N/A
 Freeze                   Ice            Unusable     N/A         1    N/A
 Summon Butterflies       Summ           Unusable     N/A         1    N/A
 Summon Small Mammal      Summ           Unusable     N/A         1    N/A
 Call Imp                 Summ           Unusable     N/A         2    N/A
 Ensorcelled Hibernation  Hex/Ice        Unusable     N/A         2    N/A
 Sticks to Snakes         Tmut           Unusable     N/A         2    N/A
 Throw Frost              Conj/Ice       Unusable     N/A         2    N/A
 Ozocubu's Armour         Chrm/Ice       Unusable     N/A         3    N/A
 Spider Form              Tmut/Pois      Unusable     N/A         3    N/A
 Animate Dead             Necr           Unusable     N/A         4    N/A
 Ice Form                 Ice/Tmut       Unusable     N/A         4    N/A
 Summon Ice Beast         Ice/Summ       Unusable     N/A         4    N/A
 Summon Lightning Spire   Summ/Air       Unusable     N/A         4    N/A
 Throw Icicle             Conj/Ice       Unusable     N/A         4    N/A
 Alistair's Intoxication  Tmut/Pois      Unusable     N/A         5    N/A
 Blade Hands              Tmut           Unusable     N/A         5    N/A

Dungeon Overview and Level Annotations

Branches:
Dungeon (15/15)            Temple (0/1) D:7            Lair (6/6) D:10
  Swamp (4/4) Lair:3        Snake (4/4) Lair:4        Slime (0/5) Lair:5
    Orc (2/2) D:9             Elf (1/3) Orc:2        Vaults (0/5) D:13
 Depths (0/5) D:15

Altars:
Dithmenos
Elyvilon
Fedhas
Gozag
Hepliaklqana
Qazlal
Ru
Sif Muna
Trog
Uskayaw
Zin
The Shining One
Beogh
Jiyva

Shops:
D:4 %   D:15 =   Orc:1 %   Orc:2 }(![   Elf:1 [   Snake:1 }   Snake:3 [
Snake:4 !!}(%

Annotations:
D:15 1 runed door
Lair:5 1 runed door, exclusion: 4 oklob plants
Lair:6 1 runed door, Golfball's ghost, journeyman GrFi
Swamp:3 exclusion: Roxanne, Roxanne
Orc:1 2 transporters, math4jedi's ghost, journeyman MiBe


Innate Abilities, Weirdness & Mutations

Shadows flee at your approach. (+LOS)
You can swim through water.
You cover ground slowly.
You cannot drink potions while threatened.
You are hated by all.
You cannot train Dodging skill.
You cannot study or cast Ice magic.
You cannot study or cast Summoning magic.
You cannot study or cast Transmutations magic.
You are somewhat inexperienced. (-2 XL)
You can hop long distances.
[Scrolls take you a little longer to read.]
[Armour fits poorly on your strangely shaped body.]
[You are very frail. (-20% HP)]
[You are very weak. (Str -4)]


Message History

The entropy weaver is severely wounded.
* * * LOW HITPOINT WARNING * * *
You feel sick.
The ghost moth is no longer moving slowly.
You barely miss the entropy weaver.
The entropy weaver is severely wounded.
The apocalypse crab bites you.
* * * LOW HITPOINT WARNING * * *
You are more poisoned.
The apocalypse crab poisons you!
The apocalypse crab claws you but does no damage.
The ghost moth stares at you. You block the ghost moth's attack.
The ghost moth hits you but does no damage.
The ghost moth stings you but does no damage.
The entropy weaver mumbles some strange words.
The entropic weave corrodes you!
You hit the entropy weaver.
The entropy weaver is severely wounded.
You die...

......... # #..
#####. ## . ## #.
X##. ### ## # #
..*# ....# . # #φ
.#.. #... #...#
###. x. #.....
#.# ... # #.. ##
#..#### #. ..#.
#..@.###
#..§...## ##yta#
+ ####....#
#.∩.'.. ## .##.
#...#.####....#..
#...###.#..###..#
#.###...#... ...#
. # ≈..........
...#.# #
≈≈.#.##.##.#..#
.# . #. ##..
###.# .


You could see a ghost moth (invisible), an entropy weaver and an apocalypse
crab.

Vanquished Creatures
  Vashnia (Snake:2)
  Nikola (Snake:4)
  A tentacled starspawn (Abyss:3)
  A thorn hunter (Swamp:4)
  Kirke (Snake:3)
  6 nagarajas (Snake:4)
  An orc warlord (Orc:2)
  A deep elf demonologist (Elf:1)
  Nessos (Lair:4)
  Azrael (Snake:1)
  A dire elephant (Lair:5)
  Snorg (D:13)
  Fannar (D:9)
  Josephine (D:11)
  A vault guard (D:13)
  Harold (D:7)
  10 hydras
  Erolcha (D:13)
  16 naga warriors
  3 ice dragons (Swamp:4)
  6 anacondas
  11 alligators
  2 ogre magi (Orc:2)
  2 ghost crabs (Swamp:2)
  3 centaur warriors
  9 two-headed ogres
  A tengu warrior (D:12)
  2 dancing weapons (Elf:1)
  A merfolk avatar (Lair:6)
  An orc high priest (Elf:1)
  2 thrashing horrors (Abyss:3)
  20 naga sharpshooters
  7 shock serpents
  3 deep elf knights (Elf:1)
  4 skeletal warriors (D:14)
  A large abomination (Abyss:3)
  A sea snake (Lair:5)
  2 deep trolls (Orc:2)
  2 wretched stars (Abyss:3)
  A salamander mystic (Snake:1)
  2 wizards (D:14)
  2 unseen horrors
  A sixfirhy (Abyss:3)
  A glowing orange brain (D:15)
  A swamp dragon (Swamp:1)
  9 deep elf archers (Elf:1)
  7 naga ritualists
  3 spriggan druids
  2 orc knights
  7 mana vipers
  2 orc sorcerers (Orc:1)
  14 ugly things
  An oklob plant (Lair:1)
  19 deep elf magi
  2 cyclopes (Orc:2)
  2 guardian serpents
  7 elephants
  A smoke demon (Abyss:3)
  30 black mambas
  12 salamanders
  A black mamba (shapeshifter) (D:15)
  2 gargoyles
  21 spiny frogs
  A torpor snail (Lair:4)
  23 naga magi
  A hellion (Abyss:3)
  A dire elephant skeleton (Abyss:3)
  5 rime drakes (Lair:6)
  4 freezing wraiths (Swamp:4)
  13 komodo dragons
  7 polar bears
  A queen bee (D:9)
  11 tyrant leeches
  16 trolls
  A tengu conjurer (D:13)
  Grinder (D:5)
  3 hornets
  29 blink frogs
  13 slime creatures
  7 bog bodies
  5 hippogriffs
  6 water elementals
  6 wraiths
  A spriggan (shapeshifter) (D:15)
  8 wyverns
  38 yaks
  4 fire bats (D:10)
  4 hogs (Snake:3)
  4 basilisks
  2 fire elementals
  6 swamp worm simulacra (Swamp:4)
  21 vampire mosquitoes
  7 insubstantial wisps
  Edmund (D:5)
  14 swamp worms
  47 nagas
  2 wargs
  A soldier ant (D:12)
  2 hell hounds
  14 hydra simulacra (Swamp:4)
  15 porcupines
  20 water moccasins
  7 ice beasts
  An eye of draining (D:12)
  3 phantoms
  2 sky beasts
  A black bear (D:10)
  25 orc warriors
  5 swamp drakes
  2 necrophages
  19 centaurs
  35 wolves
  27 ogres
  10 crocodiles
  Blork the orc (D:6)
  A big kobold (D:11)
  19 bullfrogs
  2 earth elementals (Elf:1)
  5 scorpions
  A wyvern skeleton (D:10)
  16 killer bees
  4 electric eels
  7 howler monkeys
  3 jellies
  5 bullfrog zombies
  2 lava snakes (D:10)
  5 crimson imps
  2 quasits
  6 centaur skeletons
  4 centaur zombies
  15 orc priests
  4 hounds
  3 bullfrog skeletons
  5 iguanas
  An iron imp (Abyss:3)
  28 orc wizards
  16 worker ants
  A hound skeleton (D:9)
  A hound zombie (D:8)
  7 gnolls (D:2)
  A howler monkey skeleton (D:4)
  14 adders
  3 river rats (D:5)
  3 shadow imps
  An ufetubus (Abyss:3)
  2 swamp drake simulacra (Swamp:4)
  2 dart slugs
  8 leopard geckos
  50 orcs
  7 bats
  8 giant cockroaches
  16 goblins
  9 hobgoblins
  28 jackals
  24 kobolds
  3 quokkas
  6 ball pythons
  13 frilled lizards
  A giant cockroach zombie (D:6)
  A quokka skeleton (D:4)
  6 rats
  2 fungi
  A plant (Lair:5)
  2 starspawn tentacles (Abyss:3)
1158 creatures vanquished.

Vanquished Creatures (others)
  A nagaraja (Snake:4)
  A naga warrior (Snake:1)
  5 hydras
  A catoblepas (Lair:4)
  A two-headed ogre (Orc:2)
  2 deep elf magi (Elf:1)
  A guardian serpent (Snake:4)
  A spiny frog (Lair:6)
  A komodo dragon (Lair:4)
  A troll (D:9)
  A blink frog (Lair:1)
  A spriggan (Swamp:2)
  A vampire mosquito (Swamp:1)
  A swamp worm (Swamp:4)
  2 nagas (Snake:4)
  A porcupine (D:10)
  A hell hound (Snake:2)
  An ogre (D:7)
  A crocodile (Lair:4)
  A hound (D:9)
  An iguana (D:4)
  An orc wizard (Orc:2)
  A killer bee zombie (D:7)
  5 orcs
  A leopard gecko skeleton (D:9)
  A rat (D:5)
  A fire vortex (D:10)
  38 fungi
  A lurking horror (Abyss:3)
  34 plants
110 creatures vanquished.

Grand Total: 1268 creatures vanquished

Notes
Turn   | Place    | Note
-------+----------+-------------------------------------------
     0 | D:1      | Hoivenmaven the Barachi Fighter began the quest for the
                  | Orb.
     0 | D:1      | Reached XP level 1. HP: 18/18 MP: 1/1
    56 | D:1      | Reached skill level 3 in Long Blades
    56 | D:1      | Reached XP level 2. HP: 21/24 MP: 2/2
   197 | D:1      | Reached skill level 4 in Long Blades
   209 | D:1      | Reached XP level 3. HP: 24/29 MP: 3/3
   684 | D:2      | Found a sacrificial altar of Ru.
   690 | D:2      | Became a worshipper of Ru the Awakened
   801 | D:2      | Reached skill level 5 in Long Blades
   801 | D:2      | Reached XP level 4. HP: 18/36 MP: 4/4
   843 | D:2      | Reached skill level 6 in Long Blades
   843 | D:2      | Reached XP level 5. HP: 11/41 MP: 5/5
  1193 | D:2      | Found a faded altar of an unknown god.
  1565 | D:2      | Found a deep blue altar of Sif Muna.
  1712 | D:3      | Gained mutation: You are somewhat inexperienced. (-2 XL)
                  | [Ru sacrifice]
  1712 | D:3      | Reached XP level 4. HP: 36/36 MP: 4/4
  1712 | D:3      | Reached XP level 3. HP: 29/29 MP: 3/3
  1712 | D:3      | Reached * piety under Ru
  1712 | D:3      | Reached ** piety under Ru
  1742 | D:3      | Reached skill level 7 in Long Blades
  1847 | D:3      | Reached XP level 4. HP: 36/36 MP: 4/4
  1922 | D:3      | Found a glowing silver altar of Zin.
  2547 | D:4      | Found a shadowy altar of Dithmenos.
  2827 | D:4      | Found an opulent altar of Gozag.
  2870 | D:4      | Reached XP level 5. HP: 33/41 MP: 5/5
  3345 | D:4      | Reached skill level 8 in Long Blades
  3666 | D:4      | Found Tatetos's Food Shop.
  3690 | D:4      | Reached XP level 6. HP: 34/47 MP: 6/6
  3778 | D:4      | Noticed a phantom
  3798 | D:4      | Killed a phantom
  3798 | D:4      | Reached skill level 5 in Armour
  3819 | D:4      | Found a glowing golden altar of the Shining One.
  3821 | D:4      | Found a bloodstained altar of Trog.
  4050 | D:5      | Entered Level 5 of the Dungeon
  4131 | D:5      | Gained mutation: You are hated by all. [Ru sacrifice]
  4131 | D:5      | Reached *** piety under Ru
  4141 | D:5      | Reached XP level 7. HP: 45/52 MP: 7/7
  4194 | D:5      | Found a stormy altar of Qazlal.
  4194 | D:5      | Found a hazy altar of Hepliaklqana.
  4214 | D:5      | Noticed Edmund
  4237 | D:5      | Killed Edmund
  4263 | D:5      | Found a glowing drain.
  4270 | Sewer    | Entered a sewer
  5727 | D:6      | Noticed Blork the orc
  5753 | D:6      | Killed Blork the orc
  5982 | D:6      | Reached XP level 8. HP: 61/61 MP: 8/8
  6039 | D:6      | Noticed Grinder
  6065 | D:5      | Killed Grinder
  6237 | D:6      | Found a white marble altar of Elyvilon.
  6317 | D:6      | Gained mutation: You cannot drink potions while threatened.
                  | [Ru sacrifice]
  6317 | D:6      | Reached **** piety under Ru
  6317 | D:6      | Reached ***** piety under Ru
  6653 | D:6      | Reached skill level 5 in Shields
  7009 | D:7      | Noticed Harold
  7029 | D:7      | Reached XP level 9. HP: 69/74 MP: 9/9
  7044 | D:7      | Killed Harold
  7351 | D:7      | Found a staircase to the Ecumenical Temple.
  7447 | D:7      | Found a glowing golden altar of the Shining One.
  7841 | D:7      | Found a blossoming altar of Fedhas.
  7915 | D:7      | HP: 2/76 [something (6)]
  7922 | D:7      | Noticed an unseen horror
  7927 | D:7      | Killed an unseen horror
  7927 | D:7      | Reached skill level 9 in Long Blades
  8190 | D:7      | Reached XP level 10. HP: 83/83 MP: 10/10
  8353 | D:8      | Reached skill level 10 in Long Blades
  8391 | D:8      | Paralysed by a hornet for 2 turns
  8548 | D:8      | Noticed a two-headed ogre
  8574 | D:8      | Killed a two-headed ogre
  8574 | D:8      | Reached skill level 11 in Long Blades
  8574 | D:8      | Reached skill level 1 in Dodging
  8767 | D:8      | Gained mutation: You cannot train Dodging skill. [Ru
                  | sacrifice]
  9301 | D:9      | Reached skill level 12 in Long Blades
  9321 | D:9      | HP: 3/83 [killer bee (7)]
  9647 | D:9      | Reached skill level 13 in Long Blades
  9660 | D:9      | Reached XP level 11. HP: 63/89 MP: 11/11
 10121 | D:9      | Found a staircase to the Orcish Mines.
 10323 | D:10     | Entered Level 10 of the Dungeon
 10474 | D:9      | Noticed an unseen horror
 10479 | D:9      | Killed an unseen horror
 10479 | D:9      | Reached skill level 14 in Long Blades
 10687 | D:10     | Gained mutation: You cannot study or cast Ice magic. [Ru
                  | sacrifice]
 10687 | D:10     | Gained mutation: You cannot study or cast Transmutations
                  | magic. [Ru sacrifice]
 10687 | D:10     | Gained mutation: You cannot study or cast Summoning magic.
                  | [Ru sacrifice]
 10687 | D:10     | Reached ****** piety under Ru
 11222 | D:10     | Found a staircase to the Lair.
 11291 | D:10     | Reached skill level 10 in Fighting
 11340 | D:10     | Found the +3 crown of Dyrovepreva {rElec Int+2 SInv}
 11726 | Lair:1   | Entered Level 1 of the Lair of Beasts
 11771 | Lair:1   | Reached skill level 15 in Long Blades
 12384 | Lair:1   | Noticed a four-headed hydra
 12396 | Lair:1   | Killed a ten-headed hydra
 12396 | Lair:1   | Reached XP level 12. HP: 88/100 MP: 3/12
 12396 | Lair:1   | Noticed a four-headed hydra
 12876 | Lair:1   | Killed a four-headed hydra
 13739 | Lair:2   | Noticed a seven-headed hydra
 13743 | Lair:1   | Killed a seven-headed hydra
 14120 | Lair:1   | Reached skill level 16 in Long Blades
 14464 | Lair:2   | Reached skill level 10 in Armour
 14478 | Lair:2   | Learned a level 2 spell: Blink
 14553 | Lair:2   | Reached skill level 1 in Translocations
 14800 | Lair:2   | Noticed an eight-headed hydra
 14811 | Lair:2   | Killed an eight-headed hydra
 15206 | Lair:3   | Found a staircase to the Swamp.
 15557 | Lair:3   | Noticed an eight-headed hydra
 15576 | Lair:3   | Killed an eight-headed hydra
 15576 | Lair:3   | Reached skill level 17 in Long Blades
 16406 | Lair:3   | Gained mutation: You can hop long distances. [Barachi
                  | growth]
 16406 | Lair:3   | Reached XP level 13. HP: 107/107 MP: 13/13
 16918 | Lair:4   | Reached skill level 5 in Translocations
 17286 | Lair:4   | Found a staircase to the Snake Pit.
 17629 | Lair:4   | Reached skill level 18 in Long Blades
 17858 | Lair:4   | Noticed Nessos
 17883 | Lair:4   | Killed Nessos
 18587 | Lair:5   | Got a fine great sword
 18593 | Lair:5   | Identified the cursed +1 great sword "Cywoon" {freeze, MR+
                  | Int+4} (You found it on level 5 of the Lair of Beasts)
 19306 | Lair:5   | Reached skill level 19 in Long Blades
 19538 | Lair:5   | Found a runed door.
 19538 | Lair:5   | Found a viscous altar of Jiyva.
 19538 | Lair:5   | Found a staircase to the Slime Pits.
 19538 | Lair:5   | Noticed an acid blob
 19538 | Lair:5   | Noticed an acid blob
 19729 | Lair:6   | Entered Level 6 of the Lair of Beasts
 19983 | Lair:6   | Noticed Golfball's ghost (journeyman GrFi)
 19990 | Lair:6   | Found a runed door.
 20533 | Lair:6   | Noticed a dire elephant
 20572 | Lair:5   | Killed a dire elephant
 20572 | Lair:5   | Reached XP level 14. HP: 29/114 MP: 5/14
 21600 | Lair:6   | Reached skill level 20 in Long Blades
 22756 | Lair:6   | Reached skill level 1 in Spellcasting
 22968 | Lair:6   | Got a warped leather armour
 23041 | Lair:6   | Identified the +3 leather armour of the Garden {Int+6
                  | Dex+2} (You found it on level 6 of the Lair of Beasts)
 23084 | Lair:6   | Got a bronze plate armour
 23095 | Lair:6   | Identified the +8 plate armour "Ufedawn" {rElec} (You found
                  | it on level 6 of the Lair of Beasts)
 23909 | D:11     | Noticed Josephine
 23925 | D:11     | Killed Josephine
 25052 | Orc:1    | Entered Level 1 of the Orcish Mines
 25052 | Orc:1    | Found Plog's Food Boutique.
 25182 | Orc:1    | Noticed Fannar
 25229 | D:9      | Killed Fannar
 25804 | Orc:1    | Noticed math4jedi's ghost (journeyman MiBe)
 25811 | Orc:1    | Found a transporter.
 25898 | Orc:1    | Reached XP level 15. HP: 82/121 MP: 22/22
 26300 | Orc:2    | Entered Level 2 of the Orcish Mines
 26350 | Orc:2    | Found Ozutedey's Weapon Shop.
 26357 | Orc:2    | Found a staircase to the Elven Halls.
 27243 | Orc:2    | Found Vosush's Gadget Shoppe.
 27253 | Orc:2    | Found Yzokoud's Armour Shoppe.
 27261 | Orc:2    | Found Joetet's Distillery.
 27642 | Orc:2    | Noticed an orc warlord
 27665 | Orc:2    | Killed an orc warlord
 27680 | Orc:2    | HP: 3/123 [orc warrior/scimitar[an orc warlord] (27)]
 28145 | Orc:2    | Found a roughly hewn altar of Beogh.
 28535 | Orc:1    | Found a transporter.
 29238 | D:13     | Noticed Snorg
 29323 | D:13     | Killed Snorg
 29464 | D:13     | Found a gate to the Vaults.
 29566 | D:13     | Noticed Erolcha
 29573 | D:13     | Killed Erolcha
 30338 | D:14     | You fall through a shaft!
 30338 | D:15     | Entered Level 15 of the Dungeon
 31511 | D:15     | Found a glowing silver altar of Zin.
 31511 | D:15     | Found a runed door.
 31511 | D:15     | Noticed a daeva
 31590 | D:15     | Found Wunoakie's Jewellery Shoppe.
 31951 | D:15     | Reached XP level 16. HP: 114/132 MP: 23/23
 32056 | D:15     | Paralysed by a floating eye for 4 turns
 32061 | D:15     | Reached skill level 21 in Long Blades
 32286 | D:15     | Found a staircase to the Depths.
 32572 | D:15     | Identified a scroll of acquirement
 32573 | D:15     | Got a brightly glowing double sword
 32574 | D:15     | Identified the +0 double sword of Witzai Unytz {slice,
                  | Str+3 Int+4 Dex+2 Stlth-} (You acquired it on level 15 of
                  | the Dungeon)
 33030 | Swamp:1  | Entered Level 1 of the Swamp
 34249 | Swamp:2  | Found a hide-covered altar of Uskayaw.
 34786 | Swamp:2  | Reached skill level 10 in Shields
 35330 | Swamp:3  | Noticed Roxanne
 36576 | Swamp:4  | Entered Level 4 of the Swamp
 36879 | Swamp:4  | Noticed a thorn hunter
 36903 | Swamp:4  | Killed a thorn hunter
 37052 | Swamp:4  | Reached skill level 15 in Fighting
 39697 | Swamp:4  | Got an encrusted scale mail
 39733 | Swamp:4  | Got a decaying rune of Zot
 39958 | Swamp:1  | Identified the +7 scale mail of the Monkey {rPois rN+} (You
                  | found it on level 4 of the Swamp)
 40074 | Snake:1  | Entered Level 1 of the Snake Pit
 40319 | Snake:1  | Reached XP level 17. HP: 119/142 MP: 24/24
 41310 | Snake:1  | Found Gujer's Gadget Emporium.
 42550 | Snake:2  | Noticed Vashnia
 43273 | Snake:2  | Killed Vashnia
 43622 | Snake:2  | Noticed Azrael
 43624 | Snake:2  | Found a hide-covered altar of Uskayaw.
 43641 | Snake:1  | Killed Azrael
 44073 | Snake:3  | Reached skill level 22 in Long Blades
 44281 | Snake:3  | Found Jazy Rofaus's Antique Armour Boutique.
 44288 | Snake:3  | Noticed Kirke
 44316 | Snake:3  | Killed Kirke
 44655 | Snake:3  | Found the cursed necklace of Bloodlust {*Rage +Rage MR++
                  | Int-3 Slay+6 *Curse}
 45357 | Snake:4  | Entered Level 4 of the Snake Pit
 45357 | Snake:4  | Found Zusk's Food Shop.
 45689 | Snake:4  | Found Qeicer's Distillery.
 45700 | Snake:4  | Bought a potion of cancellation for 96 gold pieces
 45879 | Snake:4  | Found Kiurusua's Distillery.
 46006 | Snake:4  | Reached XP level 18. HP: 122/154 MP: 25/25
 46520 | Snake:4  | Noticed Nikola
 46525 | Snake:4  | Reached skill level 23 in Long Blades
 46946 | Snake:4  | Got a serpentine rune of Zot
 47252 | Snake:4  | Found Heixot's Antique Weapon Shoppe.
 47254 | Snake:4  | Found Olineor's Gadget Shop.
 47366 | Snake:4  | Killed Nikola
 47769 | Snake:4  | Reached skill level 15 in Armour
 48173 | Snake:4  | Bought a runed long sword for 201 gold pieces
 48456 | Elf:1    | Entered Level 1 of the Elven Halls
 49093 | Elf:1    | Got an ebony long sword
 49094 | Elf:1    | Identified the cursed +2 long sword of Desertification
                  | {venom, *Drain MR+ SInv Stlth+} (You found it on level 1 of
                  | the Elven Halls)
 49200 | Elf:1    | Reached skill level 24 in Long Blades
 49447 | Elf:1    | Found Yhonweci's Antique Armour Shop.
 49588 | Elf:1    | Cast into level 3 of the Abyss (a deep elf demonologist)
 49771 | Abyss:3  | Reached XP level 19. HP: 43/112 MP: 20/20
 49846 | Abyss:3  | HP: 6/192 [entropy weaver (7)]
 49851 | Abyss:3  | HP: 2/192 [apocalypse crab (1)]
 49852 | Abyss:3  | Succumbed to an apocalypse crab's poison

Skill      XL: |  1  2  3  4  5  6  7  8  9 10 11 12 13 14 15 16 17 18 |
---------------+-------------------------------------------------------+-----
Long Blades    | 3 4 7 6 8 9 13 15 17 19 20 21 22 24 | 24.3
Armour         | 4 6 8 10 14 15 | 15.9
Fighting       | 4 7 9 11 12 13 15 17 | 17.1
Shields        | 5 8 12 | 12.9
Dodging        | 0 |  0.0
Translocations | 4 7 9 |  9.9
Spellcasting   | 4 |  4.8

Action                   |  1- 3 |  4- 6 |  7- 9 | 10-12 | 13-15 | 16-18 | 19-21 || total
-------------------------+-------+-------+-------+-------+-------+-------+-------++-------
Melee: Long sword        |   140 |   200 |   399 |  1145 |   297 |       |       ||  2181
       Rapier            |       |       |       |    21 |    23 |    51 |       ||    95
       Short sword       |       |       |       |    20 |       |       |       ||    20
       Great sword       |       |       |       |       |  1343 |    79 |       ||  1422
       Double sword      |       |       |       |       |       |  1821 |     9 ||  1830
       Unarmed           |       |       |       |       |       |     3 |       ||     3
Invok: Sacrifice Experie |     1 |       |       |       |       |       |       ||     1
       Sacrifice Love    |       |     1 |       |       |       |       |       ||     1
       Sacrifice Drink   |       |       |     1 |       |       |       |       ||     1
       Apocalypse        |       |       |     1 |     2 |     3 |     4 |     2 ||    12
       Sacrifice Nimblen |       |       |       |     1 |       |       |       ||     1
       Draw Out Power    |       |       |       |     1 |       |     1 |     1 ||     3
       Sacrifice Arcana  |       |       |       |     1 |       |       |       ||     1
 Abil: Hop               |       |       |       |     1 |     6 |     4 |     1 ||    12
  Use: Scroll            |     2 |     6 |     9 |    10 |     7 |    21 |     1 ||    56
       Potion            |       |     2 |     4 |     3 |     2 |     4 |     3 ||    18
 Stab: Invisible         |       |       |     1 |    12 |    22 |    18 |       ||    53
       Distracted        |       |       |     1 |     5 |    10 |    10 |       ||    26
       Paralysed         |       |       |       |    13 |    24 |    12 |       ||    49
       Petrified         |       |       |       |       |     5 |       |       ||     5
  Eat: Chunk             |       |     9 |    14 |    24 |    47 |    35 |       ||   129
       Ration            |       |     1 |       |     2 |     2 |     8 |     1 ||    14
Armor: Scale mail        |    70 |    48 |       |       |       |       |       ||   118
       Plate armour      |       |     5 |   226 |   575 |   978 |   784 |    65 ||  2633
       Ice dragon scales |       |       |       |       |    14 |    23 |       ||    37
Dodge: Dodged            |    53 |    55 |    59 |   170 |   359 |   307 |    13 ||  1016
Block: Shield            |    90 |    84 |   173 |   510 |   123 |   944 |    50 ||  1974
       Rpst.: Long sword |    16 |    14 |    21 |    43 |    13 |       |       ||   107
       Great sword       |       |       |       |       |    76 |     2 |       ||    78
       Double sword      |       |       |       |       |       |    57 |     4 ||    61
